 Dungeon Crawl Stone Soup version 0.23-a0-208-gb6b040f31c (webtiles) character file.

7011 joohan1 the Basher (level 10, 0/138 HPs)
             Began as a Minotaur Berserker on Sept 25, 2018.
             Was a High Priest of Trog.
             Succumbed to a killer bee's poison
             ... on level 11 of the Dungeon.
             The game lasted 00:54:18 (10640 turns).

joohan1 the Basher (Minotaur Berserker)            Turns: 10640, Time: 00:54:19

Health: 0/138      AC: 15    Str: 31    XL:     10   Next: 82%
Magic:  9/9        EV: 10    Int:  4    God:    Trog [*****.]
Gold:   412        SH:  2    Dex:  9    Spells: 9/9 levels left

rFire    + . .     SeeInvis .   J - +2 flail (venom)
rCold    . . .     Gourm    .   l - +0 buckler
rNeg     . . .     Faith    .   K - +0 plate armour
rPois    .         Spirit   .   (helmet restricted)
rElec    .         Reflect  .   (no cloak)
rCorr    .         Harm     .   (no gloves)
MR       .....                  r - +0 pair of boots
Stlth    ..........             (no amulet)
HPRegen  0.33/turn              C - ring of protection from fire
MPRegen  0.11/turn              (no ring)

@: berserking (expiring), lethally poisoned (0 -> -7), very quick
A: retaliatory headbutt, horns 2
a: Berserk, Trog's Hand, Brothers in Arms, Renounce Religion


You were on level 11 of the Dungeon.
You worshipped Trog.
Trog was extremely pleased with you.
You were not hungry.

You visited 2 branches of the dungeon, and saw 12 of its levels.

You collected 412 gold pieces.

Inventory:

Hand Weapons
 a - a +0 mace
 g - a +3 hand axe
 s - a +3 scimitar of flaming
 J - a +2 flail of venom (weapon)
 L - a +0 quarterstaff
 N - a +0 shortbow
 S - a +1 flail
Missiles
 u - 64 poisoned needles (quivered)
 v - 193 stones
 O - 54 arrows
 P - 5 tomahawks of returning
Armour
 l - a +0 buckler (worn)
 q - a +0 ring mail
 r - a +0 pair of boots (worn)
 x - a +1 helmet
 z - a +0 helmet
 K - a +0 plate armour (worn)
 Q - a +0 robe
Jewellery
 c - an uncursed ring of ice {unknown}
 h - an uncursed amulet of guardian spirit {unknown}
 m - an uncursed amulet of faith {unknown}
 y - an uncursed ring of wizardry {unknown}
 C - a ring of protection from fire (left hand)
 F - an uncursed ring of magical power {unknown}
 G - an uncursed ring of protection from cold {unknown}
 U - a +3 ring of protection {unknown}
 V - an uncursed ring of see invisible {unknown}
Wands
 d - a wand of enslavement (7)
Scrolls
 e - 5 scrolls of identify
 f - 7 scrolls of remove curse
 A - 3 scrolls of noise
Potions
 b - a potion of berserk rage {unknown}
 i - 2 potions of cancellation {unknown}
 k - a potion of brilliance {unknown}
 o - 2 potions of haste {unknown}
 p - 2 potions of agility
 D - 3 potions of might {unknown}
 E - a potion of flight {unknown}
 H - a potion of heal wounds {unknown}
 R - a potion of lignification {unknown}
 T - 2 potions of curing {unknown}
 X - a potion of ambrosia {unknown}
Comestibles
 W - 3 rations


   Skills:
 + Level 9.6 Fighting
 * Level 12.8 Maces & Flails
 + Level 9.4 Armour
 + Level 8.2 Dodging
 - Level 0.4 Stealth


You had 9 spell levels left.
You didn't know any spells.
Your spell library was empty.

Dungeon Overview and Level Annotations

Branches:
Dungeon (11/15)            Temple (1/1) D:4            Lair (0/6) D:10
    Orc: D:9-12

Altars:
Ashenzari
Cheibriados
Dithmenos
Elyvilon
Gozag
Hepliaklqana
Kikubaaqudgha
Makhleb
Nemelex Xobeh
Okawaru
Sif Muna
Uskayaw
Vehumet
Wu Jian
Xom
Yredelemnul
The Shining One

Annotations:
D:8 3 runed doors, Kreyzy's ghost, novice GnAM


Innate Abilities, Weirdness & Mutations

You reflexively headbutt those who attack you in melee.
You have a pair of horns on your head.


Message History

The white ugly thing barely misses you.
There is a lethal amount of poison in your body!
There is a lethal amount of poison in your body!
* * * LOW HITPOINT WARNING * * *
You feel sick.
You hit the white ugly thing. You headbutt the white ugly thing!
The white ugly thing is moderately wounded.
* * * LOW HITPOINT WARNING * * *
You feel sick.
You bludgeon the white ugly thing!!
The white ugly thing is severely wounded.
* * * LOW HITPOINT WARNING * * *
You feel sick. The white ugly thing barely misses you. You furiously retaliate!
You headbutt the white ugly thing. You barely miss the white ugly thing.
The white ugly thing is severely wounded.
You barely miss the white ugly thing.
Your headbutt misses the white ugly thing.
The white ugly thing is severely wounded.
You die...

...# #..#
#..##
#...#
#...#
#...##
#....+
#.@..+
#.u.##
#†.†#
#...#
#†.<####
#.†....#
#......#
#......#
..........


You could see a white ugly thing.

Vanquished Creatures
  Erica (D:8)
  An ugly thing (D:10)
  A hippogriff (D:10)
  A spriggan (D:7)
  6 yaks (D:9)
  A vampire (D:9)
  A wyvern (D:11)
  4 hungry ghosts
  A water moccasin (D:8)
  2 porcupines (D:10)
  A sky beast (D:7)
  A necrophage (D:7)
  An ice beast (D:8)
  5 black bears
  3 phantoms
  An orc warrior (D:9)
  An ogre (D:8)
  A centaur (D:5)
  A big kobold (D:10)
  7 bullfrogs
  3 scorpions
  11 killer bees
  A jelly (D:8)
  2 crimson imps
  2 howler monkeys
  2 bullfrog zombies
  A centaur zombie (D:9)
  4 orc priests
  5 hounds
  9 orc wizards
  3 iguanas
  5 worker ants
  2 worker ant zombies
  A howler monkey zombie (D:5)
  Robin (D:2)
  5 adders
  6 gnolls
  A howler monkey skeleton (D:4)
  3 shadow imps
  2 oozes (D:1)
  An adder skeleton (D:10)
  An adder zombie (D:10)
  A dart slug (D:1)
  4 worms
  7 leopard geckos
  28 orcs
  14 goblins
  7 hobgoblins
  3 quokkas
  7 bats
  A frilled lizard (D:1)
  2 jackal skeletons
  A jackal zombie (D:5)
  11 kobolds
  A quokka skeleton (D:8)
  4 rats
  A butterfly (D:4)
  A plant (Temple)
205 creatures vanquished.

Vanquished Creatures (others)
  24 fungi (D:10)
  5 plants
29 creatures vanquished.

Grand Total: 234 creatures vanquished

Notes
Turn   | Place    | Note
-------+----------+-------------------------------------------
     0 | D:1      | joohan1 the Minotaur Berserker began the quest for the Orb.
     0 | D:1      | Reached XP level 1. HP: 19/19 MP: 0/0
    90 | D:1      | Found a sparkling altar of Nemelex Xobeh.
   393 | D:1      | Reached XP level 2. HP: 27/27 MP: 1/1
   470 | D:1      | Reached skill level 4 in Maces & Flails
   767 | D:1      | Reached XP level 3. HP: 29/33 MP: 2/2
   927 | D:2      | Found a shadowy altar of Dithmenos.
   961 | D:2      | Found a sparkling altar of Nemelex Xobeh.
  1006 | D:2      | Noticed Robin
  1022 | D:2      | Killed Robin
  1023 | D:2      | Reached ** piety under Trog
  1264 | D:2      | Reached XP level 4. HP: 40/40 MP: 3/3
  1484 | D:3      | Reached skill level 5 in Maces & Flails
  1486 | D:3      | Reached XP level 5. HP: 20/47 MP: 4/4
  2530 | D:4      | Reached skill level 6 in Maces & Flails
  2530 | D:4      | Reached XP level 6. HP: 51/55 MP: 5/5
  2679 | D:4      | Found a shattered altar of Ashenzari.
  2821 | D:4      | Found a staircase to the Ecumenical Temple.
  2846 | Temple   | Entered the Ecumenical Temple
  4221 | D:4      | Reached skill level 5 in Fighting
  4353 | D:5      | Entered Level 5 of the Dungeon
  4836 | D:5      | Reached XP level 7. HP: 61/61 MP: 6/6
  4843 | D:5      | Noticed a hungry ghost
  4855 | D:5      | Killed a hungry ghost
  4855 | D:5      | Reached skill level 7 in Maces & Flails
  4855 | D:5      | Reached skill level 5 in Armour
  5370 | D:5      | Found a shattered altar of Ashenzari.
  5986 | D:7      | Reached *** piety under Trog
  5993 | D:7      | Reached skill level 8 in Maces & Flails
  5993 | D:7      | Reached XP level 8. HP: 62/70 MP: 7/7
  6287 | D:7      | Found an iron altar of Okawaru.
  6379 | D:7      | Reached skill level 5 in Dodging
  7136 | D:7      | Reached skill level 9 in Maces & Flails
  7389 | D:6      | Found a snail-covered altar of Cheibriados.
  7476 | D:8      | Reached XP level 9. HP: 64/79 MP: 8/8
  7577 | D:8      | Reached skill level 10 in Maces & Flails
  7646 | D:8      | Found a glowing golden altar of the Shining One.
  7690 | D:8      | Found a runed gate.
  7691 | D:8      | Noticed Kreyzy's ghost (novice GnAM)
  7691 | D:8      | Noticed a ten-headed hydra
  7692 | D:8      | Found a runed gate.
  7692 | D:8      | Found a runed gate.
  7739 | D:8      | Noticed Erica
  7756 | D:8      | Killed Erica
  8412 | D:8      | Reached skill level 11 in Maces & Flails
  8425 | D:8      | Reached **** piety under Trog
  8981 | D:9      | Reached XP level 10. HP: 57/90 MP: 9/9
  9589 | D:9      | Identified a scroll of acquirement
 10022 | D:10     | Entered Level 10 of the Dungeon
 10033 | D:10     | Reached skill level 12 in Maces & Flails
 10084 | D:10     | Found a staircase to the Lair.
 10096 | D:10     | Noticed a red ugly thing
 10124 | D:10     | Killed a red ugly thing
 10482 | D:10     | Reached ***** piety under Trog
 10621 | D:11     | Noticed a white ugly thing
 10634 | D:11     | HP: 3/136 [wyvern (5)]
 10638 | D:11     | HP: 1/138 [poisoned by a killer bee]
 10640 | D:11     | Succumbed to a killer bee's poison

Vault maps used:
D:1:      minmay_arrival_doors, nemelex_xobeh_ov_fountains_minmay
D:2:      overflow_temple_1_default, overflow_temple_1_default,
          kennysheep_generic_room_7, uniq_terence, uniq_robin
D:3:      minitemple, minmay_misc_feat_diagonals
D:4:      lemuel_crystal_altar, minmay_temple_entry_butterflies
D:5:      first_ration, basic_altar, hangedman_decor_peaks_small,
          serial_park_tiny_1, minivault_25
D:6:      kennysheep_mini, lemuel_round_altar, nicolae_overflow_crystal_walls
D:7:      the_bakery, okawaru_gym_becter
D:8:      tso_metal_star, lemuel_round_altar, gammafunk_ghost_hydra_chop,
          serial_shops, shop, uniq_erica
D:10:     due_lair_maze_entry_diamond, gammafunk_ghost_split, uniq_gastronok
D:11:     cheibrodos_grave_circle, muffindrake_ghost_dual_entry,
          lightli_fourway_metalbox
Temple:   minmay_temple_forest_path

Skill      XL: |  1  2  3  4  5  6  7  8  9 10 |
---------------+-------------------------------+-----
Maces & Flails | 4 5 6 8 9 11 12 | 12.8
Fighting       | 4 5 6 7 8 9 |  9.6
Armour         | 3 4 5 6 8 9 |  9.4
Dodging        | 3 4 5 7 8 |  8.2
Stealth        | |  0.4

Action                   |  1- 3 |  4- 6 |  7- 9 | 10-12 || total
-------------------------+-------+-------+-------+-------++-------
Melee: Mace              |    72 |   135 |   122 |       ||   329
       Headbutt          |     9 |    34 |    56 |    25 ||   124
       Flail             |       |       |   200 |   159 ||   359
Invok: Berserk           |       |     1 |     2 |     3 ||     6
  Use: Scroll            |       |     6 |     2 |     3 ||    11
       Potion            |       |     1 |       |       ||     1
  Eat: Chunk             |     1 |       |     4 |       ||     5
       Ration            |       |     4 |     4 |     5 ||    13
Armor: Ring mail         |    27 |    31 |       |       ||    58
       Plate armour      |       |    25 |   193 |   120 ||   338
Dodge: Dodged            |    41 |    70 |    98 |    89 ||   298
Block: Buckler           |       |     8 |    28 |    11 ||    47

Table legend:
 A = Non-vault XP
 B = Vault XP
 C = Vault XP percentage of total XP
 D = Non-vault monster count
 E = Vault monster count
 F = Vault count percentage of total count
                 A         B        C        D         E       F
            +---------+---------+-------+---------+---------+-------
      Total |    7809 |    2208 |  22.0 |     181 |      22 |  10.8
            +---------+---------+-------+---------+---------+-------
        D:1 |      44 |       0 |   0.0 |      19 |       0 |   0.0
        D:2 |      26 |      32 |  55.2 |      11 |      11 |  50.0
        D:3 |     196 |       0 |   0.0 |      16 |       0 |   0.0
        D:4 |     195 |       0 |   0.0 |      13 |       0 |   0.0
        D:5 |     728 |       0 |   0.0 |      22 |       0 |   0.0
        D:6 |     162 |       0 |   0.0 |       6 |       0 |   0.0
        D:7 |    1024 |     229 |  18.3 |      25 |       1 |   3.8
        D:8 |    1203 |     912 |  43.1 |      21 |       1 |   4.5
        D:9 |    2490 |       0 |   0.0 |      23 |       0 |   0.0
       D:10 |    1166 |    1035 |  47.0 |      18 |       9 |  33.3
       D:11 |     575 |       0 |   0.0 |       7 |       0 |   0.0
            +---------+---------+-------+---------+---------+-------
